 Dungeon Crawl Stone Soup version 0.27-a0-1281-ge233d83751 (webtiles) character file.

Game seed: 1673681250434183131

1353 27snakeeyes612 the Chopper (level 8, -7/42 HPs)
             Began as a Vine Stalker Fighter on June 14, 2021.
             Was a Follower of Makhleb.
             Mangled by an ogre (12 damage)
             ... on level 5 of the Dungeon.
             The game lasted 00:03:37 (4091 turns).

27snakeeyes612 the Chopper (Vine Stalker Fighter)   Turns: 4091, Time: 00:03:38

Health: -7/42      AC:  7    Str: 22    XL:     8   Next: 63%
Magic:  0/9        EV: 12    Int:  8    God:    Makhleb [*.....]
Gold:   266        SH: 11    Dex: 13    Spells: 7/7 levels left

rFire    . . .     SeeInvis .   a - +0 war axe (chaos)
rCold    . . .     Faith    .   c - +1 kite shield
rNeg     . . .     Spirit   +   b - +0 scale mail
rPois    .         Reflect  .   (no helmet)
rElec    .         Harm     .   (no cloak)
rCorr    .         Rampage  .   (no gloves)
Will     ++...                  (no boots)
Stlth    ..........             (no amulet)
HPRegen  1.14/turn              n - +4 ring of evasion
MPRegen  0.11/turn              l - ring of willpower

@: no status effects
A: fangs 3, regeneration 1, magic shield, antimagic bite, no potion heal 2
a: Renounce Religion


You were on level 5 of the Dungeon.
You worshipped Makhleb.
Makhleb was aware of your devotion.
You visited 2 branches of the dungeon, and saw 7 of its levels.

You collected 266 gold pieces.

Inventory:

Hand Weapons
 a - a +0 war axe of chaos (weapon)
Missiles
 w - a throwing net (quivered)
Armour
 b - a +0 scale mail (worn)
 c - a +1 kite shield (worn)
Jewellery
 i - a ring of protection from cold
 j - a ring of fire
 l - a ring of willpower (right hand)
 n - a +4 ring of evasion (left hand)
Wands
 e - a wand of flame (20)
Scrolls
 p - 2 scrolls of blinking
 s - 2 scrolls of torment
 z - 2 scrolls of fog
Potions
 d - a potion of might
 f - a potion of haste
 h - 3 potions of mutation
 k - a potion of degeneration
 m - 3 potions of heal wounds
 o - a potion of brilliance
 r - a potion of attraction {unknown}
 t - 2 potions of curing {unknown}
 v - a potion of cancellation {unknown}


   Skills:
 + Level 4.6 Fighting
 + Level 5.8 Axes
 + Level 4.5 Armour
 - Level 1.8 Dodging
 - Level 0.7 Stealth
 + Level 5.0 Shields


You had 7 spell levels left.
You didn't know any spells.
Your spell library contained the following spells:

 Spells                   Type           Power      Damage    Failure   Level
 Confusing Touch          Hex            0%         N/A       100%        3
 Gell's Gravitas          Tloc           0%         N/A       100%        3
 Petrify                  Tmut/Erth      0%         N/A       100%        4
 Metabolic Englaciation   Hex/Ice        0%         N/A       100%        5
 Yara's Violent Unravell  Hex/Tmut       0%         3d3       100%        5


Dungeon Overview and Level Annotations

Branches:
Dungeon (6/15)             Temple (1/1) D:4

Altars:
Ashenzari
Elyvilon
Makhleb
Okawaru
Ru
Sif Muna
Vehumet
Yredelemnul


Innate Abilities, Weirdness & Mutations

You have razor-sharp teeth.
Your natural rate of healing is unusually fast.
When hurt, damage is shared between your health and your magic reserves.
Your bite disrupts and absorbs the magic of your enemies.
Potions cannot restore your health.


Message History

* * * LOW HITPOINT WARNING * * *
The sentinel's mark upon you fades away.
A troll comes into view.
The troll shouts!
An ogre comes into view. It is wielding a +0 giant spiked club.
The ogre shouts!
There is a stone staircase leading up here.
You block the ice beast's attack.
You climb upwards.
There is a stone staircase leading down here.
You closely miss the ice beast.
The ice beast is almost dead.
You block the ice beast's attack.
Your shield prevents you from hitting the ice beast.
You bite the ice beast.
You kill the ice beast!
Makhleb accepts your kill.
Your Shields skill increases to level 5!
You start resting.
HP restored.
There is a stone staircase leading down here.
You start resting.
Magic restored.
You climb downwards.
The ogre hits you with a +0 giant spiked club!!
The troll bites you! You block the troll's attack. The troll claws you!
* * * LOW HITPOINT WARNING * * *
You block the ogre's attack.
There is a stone staircase leading up, spattered with blood here.
The troll bites you!
* * * LOW HITPOINT WARNING * * *
You block the troll's attack. The troll misses you.
You block the gnoll's attack.
The gnoll shaman invokes the aid of its god against you.
You resist with almost no effort.
You climb upwards.
There is a stone staircase leading down here.
You can't go up here!
The ogre hits you with a +0 giant spiked club!
You die...

#.###########...#
#.###########...######
######.#....(....[.........
#........#.###.###.....####
#........#.# #.###.#...###
###........#.# #...#.'.....#
#..........#.#####.###...#.##
#..........#.(.....# #..<....
#.........##@#########...#.##
#.....(....O>T.........<.....
#......##.##.#########.#.....
#......##.##.# ####.#.....
#......##....# #....#.....
############## #.###....##
#.# ##.#### ###'####..#..
#.....###.#.#


You could see a troll and an ogre.

Vanquished Creatures
  A water moccasin (D:5)
  A swamp drake (D:6)
  2 ice beasts (D:5)
  A sky beast (D:5)
  3 necrophages
  A centaur (D:5)
  A scorpion (D:5)
  2 water moccasin zombies (D:5)
  2 hounds
  A scorpion zombie (D:5)
  3 orc wizards (D:5)
  An iguana (D:4)
  A hound zombie (D:5)
  A hound skeleton (D:5)
  4 gnolls (D:5)
  7 adders
  A dart slug (D:3)
  9 orcs
  6 ball pythons
  7 endoplasms
  2 giant cockroaches
  5 hobgoblins
  8 jackals
  7 kobolds
  7 quokkas
  8 bats
  2 frilled lizards
  7 goblins
  5 rats
106 creatures vanquished.

Vanquished Creatures (others)
  A gnoll (D:6)
1 creature vanquished.

Grand Total: 107 creatures vanquished

Notes
Turn   | Place    | Note
-------+----------+-------------------------------------------
     0 | D:1      | 27snakeeyes612 the Vine Stalker Fighter began the quest for
                  | the Orb.
     0 | D:1      | Reached XP level 1. HP: 11/11 MP: 2/2
   333 | D:1      | Reached XP level 2. HP: 15/16 MP: 3/3
   789 | D:1      | Reached XP level 3. HP: 17/19 MP: 4/4
   829 | D:1      | Found a faded altar of an unknown god.
  1753 | D:3      | Gained mutation: Your natural rate of healing is unusually
                  | fast. [Vine Stalker growth]
  1753 | D:3      | Reached XP level 4. HP: 18/24 MP: 3/5
  1885 | D:3      | Reached skill level 1 in Dodging
  2362 | D:4      | Reached XP level 5. HP: 28/28 MP: 6/6
  2501 | D:4      | Noticed a necrophage
  2508 | D:4      | Killed a necrophage
  2574 | D:4      | Found a staircase to the Ecumenical Temple.
  2588 | Temple   | Entered the Ecumenical Temple
  2631 | Temple   | Became a worshipper of Makhleb the Destroyer
  2698 | D:4      | Reached XP level 6. HP: 32/32 MP: 7/7
  3019 | D:5      | Entered Level 5 of the Dungeon
  3141 | D:5      | Noticed a sky beast
  3150 | D:5      | Killed a sky beast
  3193 | D:5      | Reached XP level 7. HP: 19/36 MP: 2/8
  3413 | D:5      | Reached skill level 5 in Axes
  3449 | D:5      | Found a basalt altar of Yredelemnul.
  3449 | D:5      | Found a faded altar of an unknown god.
  3456 | D:5      | Found an iron altar of Okawaru.
  3458 | D:5      | Found a white marble altar of Elyvilon.
  3460 | D:5      | Found a shimmering blue altar of Sif Muna.
  3628 | D:5      | Gained mutation: You have razor-sharp teeth. [Vine Stalker
                  | growth]
  3628 | D:5      | Reached XP level 8. HP: 42/42 MP: 9/9
  3693 | D:5      | Reached * piety under Makhleb
  3751 | D:5      | Identified the +4 ring mail "Usuxut" {Int+3}
  4036 | D:6      | Noticed a troll
  4042 | D:5      | Reached skill level 5 in Shields
  4089 | D:6      | HP: 2/42 [troll (8)]
  4091 | D:5      | Mangled by an ogre

Illustrated notes

Levels and vault maps discovered:
D:1:      dpeg_arrival_water_fire, layout_loops_ring, basic_ecumenical_altar,
          serial_park_tiny_2, minmay_octomino_c4
D:2:      layout_rooms
D:3:      layout_rooms
D:4:      layout_loops_ring, minmay_temple_entry_stoned_glass, minmay_liquid_box
D:5:      layout_basic, chequers_temple_overflow_minitemple, st_stairs_14,
          kennysheep_generic_room_6
D:6:      layout_loops_ring, kennysheep_doodads, uniq_edmund
Temple:   dpeg_five_rooms_temple

Skill      XL: |  1  2  3  4  5  6  7  8 |
---------------+-------------------------+-----
Axes           | 2 3 4 5 |  5.8
Shields        | 3 4 5 |  5.0
Armour         | 3 4 |  4.5
Fighting       | 3 4 |  4.6
Dodging        | 1 |  1.8
Stealth        | |  0.7

Action                   |  1- 3 |  4- 6 |  7- 9 || total
-------------------------+-------+-------+-------++-------
Melee: War axe           |    85 |   128 |   101 ||   314
       Bite              |    18 |    41 |    36 ||    95
  Use: Scroll            |       |       |    14 ||    14
Armor: Scale mail        |    43 |    43 |    41 ||   127
Dodge: Dodged            |    32 |    81 |    79 ||   192
Block: Kite shield       |    53 |    80 |    72 ||   205

Table legend: (Time is in decaauts)
 A = Elapsed time spent in this place.
 B = Non-inter-level travel time spent in this place.
 C = Inter-level travel time spent in this place.
 D = Time resting spent in this place.
 E = Time spent auto-exploring this place.
 F = Levels seen in this place.
 G = Mean time per level.
                   A        B        C        D        E       F      G
               +--------+--------+--------+--------+--------+-----+--------+
         Total |   4267 |   4143 |    124 |     43 |   3303 |   7 |  609.6 |
       Dungeon |   4194 |   4098 |     96 |     43 |   3263 |   6 |  699.0 |
        Temple |     72 |     44 |     28 |      0 |     40 |   1 |   72.0 |
               +--------+--------+--------+--------+--------+-----+--------+

Top non-repeatable levels by time:
     D:5: 1058 daAuts
     D:1: 1013 daAuts
     D:2: 785 daAuts
     D:3: 642 daAuts
     D:4: 606 daAuts
     D:6: 88 daAuts
  Temple: 72 daAuts
